Map: Kairos Junction LE

Players

Kelazhur

  • Race: Terran Terran
  • League: Diamond
  • Spawn Location: 5:00

TIME (Oliveira) - Winner!

  • Race: Terran Terran
  • Spawn Location: 11:00

Event: 2019 WCS Winter Americas

VOD

Have the link to the VOD?

Description

Time

  • Played on: Feb. 17, 2019, 4:58 p.m.
  • Length: 12:21

All games in this series

Show
View Real Time Build Order
Export as new Build Order

Kelazhur Terran 

Build Orders:  

Get SALT Encoding   

  12  0:01  SCV  
  13  0:13  SCV  
  14  0:17  Supply Depot  
  14  0:25  SCV  
  14  0:28  Refinery  
  15  0:38  SCV  
  16  0:44  Barracks  
  16  0:50  SCV  
  16  0:54  Refinery  
  17  1:02  SCV  
  18  1:14  SCV  
  19  1:31  Orbital Command  
  19  1:33  Factory  
  19  1:35  Reaper  
  20  1:43  Supply Depot  
  20  1:57  SCV  
  21  2:07  Reaper  
  22  2:10  SCV  
  23  2:17  Hellion  
  23  2:22  SCV  
  26  2:27  Command Center  
  26  2:34  SCV  
  27  2:39  Hellion  
  27  2:40  Reaper  
  30  2:44  Supply Depot  
  30  2:46  SCV  
  31  2:53  Starport  
  31  3:01  Factory Tech Lab  
  31  3:06  SCV  
  32  3:12  Barracks Reactor  
  32  3:18  SCV  
  32  3:21  Cyclone  
  35  3:30  SCV, Refinery  
  35  3:31  Starport Tech Lab  
  36  3:39  Orbital Command  
  36  3:42  SCV  
  37  3:50  Marine x2  
  37  3:54  SCV  
  40  3:58  Raven  
  42  4:04  Siege Tank  
  42  4:05  SCV  
  42  4:06  SCV  
  42  4:09  Marine x2  
  49  4:10  Supply Depot  
  49  4:17  SCV  
  49  4:18  SCV  
  49  4:23  Supply Depot  
  51  4:29  SCV  
  51  4:31  SCV  
  53  4:32  Marine  
  53  4:33  Marine  
  53  4:36  Siege Tank  
  58  4:41  SCV  
  58  4:43  SCV  
  58  4:44  Raven  
  62  4:46  Supply Depot  
  62  4:50  Marine x2  
  64  4:53  SCV  
  64  4:55  SCV  
  64  4:57  Supply Depot  
  66  5:05  SCV  
  67  5:07  SCV  
  67  5:08  Marine x2  
  67  5:09  Siege Tank  
  73  5:14  Command Center  
  73  5:18  SCV  
  73  5:19  SCV  
  75  5:27  Refinery  
  75  5:30  SCV  
  75  5:31  Supply Depot  
  75  5:33  SCV  
  77  5:40  Viking x2  
  77  5:41  Siege Tank, Marine  
  85  5:45  Stimpack  
  85  5:47  SCV  
  85  5:48  Supply Depot  
  86  5:54  SCV  
  87  5:59  SCV  
  88  6:07  SCV  
  89  6:15  SCV  
  90  6:19  SCV, Siege Tank  
  90  6:20  Viking x2  
  90  6:21  Marine  
  90  6:24  Barracks  
  96  6:25  Barracks  
  96  6:27  SCV, Orbital Command  
  96  6:31  SCV  
  98  6:39  SCV  
  99  6:43  SCV, Marine  
  101  6:50  Viking x2  
  101  6:51  SCV  
  101  6:53  Engineering Bay  
  101  6:54  Engineering Bay, Siege Tank  
  109  6:55  SCV  
  110  7:01  SCV  
  110  7:02  Marine  
  110  7:03  SCV  
  110  7:07  SCV  
  114  7:10  Supply Depot  
  114  7:11  Barracks Reactor, Supply Depot  
  114  7:16  SCV  
  115  7:27  Marauder, Viking  
  115  7:28  Viking, Siege Tank  
  103  7:34  Barracks Reactor  
  103  7:35  Terran Infantry Weapons Level 1, Terran Infantry Armor Level 1  
  87  7:39  SCV x2  
  87  7:42  Barracks x2  
  85  7:44  SCV  
  85  7:48  Marine  
  87  7:51  SCV  
  87  7:52  SCV, Marine  
  87  7:53  Marine  
  87  7:57  SCV  
  87  7:58  Armory  
  92  8:01  Refinery x2  
  92  8:03  SCV, Medivac  
  92  8:05  Medivac  
  97  8:06  Marine  
  97  8:10  Combat Shield, Marine  
  97  8:11  Marine  
  100  8:15  SCV x3  
  103  8:20  Marine x2  
  103  8:22  Siege Tank  
  103  8:24  Marine  
  109  8:28  Marine x2, Supply Depot  
  109  8:32  Barracks Reactor  
  109  8:33  Medivac, Supply Depot  
  113  8:37  Marine, Barracks Reactor  
  113  8:40  Supply Depot  
  113  8:41  Medivac  
  113  8:44  Marine x2  
  113  8:46  Marine x2  
  119  8:51  Terran Vehicle Weapons Level 1  
  119  8:52  Supply Depot  
  118  8:55  Marine  
  118  8:57  Siege Tank  
  118  9:01  Marine  
  118  9:02  Marine  
  124  9:03  Supply Depot  
  124  9:04  Marine x2  
  124  9:09  Command Center  
  125  9:13  Marine x2  
  125  9:14  Marine x3  
  130  9:19  Marine x2  
  130  9:21  Medivac x2  
  130  9:22  Marine x2  
  138  9:28  Barracks  
  138  9:29  Siege Tank, Supply Depot  
  138  9:30  Barracks  
  138  9:31  Terran Infantry Weapons Level 2, Marine x3  
  141  9:36  Terran Infantry Armor Level 2, Marine x2  
  141  9:37  Marine x2  
  141  9:46  Marine  
  141  9:47  Marine  
  141  9:49  Marine  
  141  9:51  Marine  
  144  9:55  Marine  
  144  9:56  Marine  
  144  9:57  Marine  
  144  9:58  Marine x2  
  149  10:02  Siege Tank  
  149  10:04  Marine x2  
  150  10:12  Marine  
  150  10:13  Viking x2  
  135  10:17  Marine  
  134  10:28  Marine  
  134  10:29  Marine x6  
  134  10:34  Siege Tank, Marine x3  
  134  10:35  Marine  
  148  10:38  Refinery  
  142  10:43  Viking x2  
  142  10:45  Planetary Fortress  
  142  10:46  Marine  
  142  10:47  Marine x3  
  142  10:49  Missile Turret  
  147  10:50  Marine  
  147  10:55  Liberator  
  145  10:59  Marine x6  
  151  11:04  Marine  
  151  11:07  Marine  
  151  11:08  Orbital Command, Marine  
  152  11:16  Marine  
  144  11:23  Marine x8  
  144  11:25  Marine x2  
  134  11:40  Marine  
  134  11:41  Marine x8  
  134  11:43  Marine  
  134  11:44  Marine  
  102  11:58  Marine  
  102  11:59  Marine x3  
  102  12:00  Marine x6  
  116  12:02  Marine  
Show
View Real Time Build Order
Export as new Build Order

TIME Terran - Winner!

Build Orders: Reaper Expand 

Get SALT Encoding   

  12  0:00  SCV  
  13  0:13  SCV  
  14  0:17  Supply Depot  
  14  0:25  SCV  
  15  0:39  SCV  
  15  0:40  Barracks  
  16  0:44  Refinery  
  16  0:51  SCV  
  17  1:03  SCV  
  18  1:15  SCV  
  19  1:28  Reaper  
  19  1:29  Orbital Command  
  20  1:43  Command Center  
  20  1:52  Supply Depot  
  20  1:55  SCV  
  20  2:00  Marine  
  22  2:07  SCV  
  23  2:11  Factory  
  23  2:17  Refinery  
  23  2:22  Bunker  
  23  2:24  Barracks Reactor  
  23  2:27  SCV  
  24  2:39  SCV  
  25  2:54  Hellion  
  25  2:55  Starport, Orbital Command  
  25  2:56  SCV  
  28  3:01  Marine  
  28  3:03  Marine  
  30  3:08  SCV  
  30  3:17  Factory Tech Lab  
  30  3:19  Marine  
  31  3:21  SCV x2, Marine  
  31  3:24  Refinery  
  34  3:33  SCV x2  
  36  3:37  Marine  
  36  3:38  Raven, Marine  
  40  3:45  SCV x2, Factory Tech Lab  
  42  3:49  Supply Depot  
  42  3:57  SCV x2, Marine x2  
  46  4:10  SCV x2, Cyclone  
  46  4:11  Supply Depot  
  46  4:16  Supply Depot  
  51  4:21  Raven  
  51  4:22  SCV  
  54  4:33  SCV, Marine x2  
  54  4:35  SCV  
  58  4:42  Siege Tank  
  60  4:47  Command Center  
  60  4:52  SCV  
  63  4:54  SCV  
  63  4:59  Supply Depot  
  64  5:04  Refinery  
  64  5:06  SCV x2  
  64  5:10  Viking  
  64  5:11  Viking  
  68  5:15  Marine  
  68  5:18  SCV  
  68  5:21  SCV, Siege Tank  
  74  5:24  Supply Depot  
  74  5:26  Stimpack  
  74  5:29  Supply Depot  
  74  5:33  SCV, Marine  
  74  5:34  SCV  
  77  5:46  Viking x2  
  77  5:49  SCV x2, Supply Depot  
  83  5:52  Marine  
  83  5:54  Siege Tank  
  87  6:03  Orbital Command  
  87  6:11  SCV  
  86  6:21  SCV  
  86  6:22  Barracks  
  86  6:24  Barracks  
  87  6:26  Engineering Bay, Siege Tank  
  87  6:27  SCV, Engineering Bay  
  87  6:29  Supply Depot  
  87  6:30  Starport Reactor  
  87  6:31  Marine  
  92  6:36  SCV  
  92  6:39  SCV  
  92  6:48  SCV  
  92  6:49  Barracks  
  92  6:52  Barracks  
  93  6:54  Terran Infantry Weapons Level 1, Terran Infantry Armor Level 1  
  93  6:55  Marine  
  93  7:00  SCV  
  95  7:07  Orbital Command, Siege Tank  
  98  7:13  Barracks Reactor  
  98  7:14  Barracks Reactor  
  94  7:32  SCV x3  
  92  7:37  Barracks Reactor  
  92  7:38  Combat Shield  
  92  7:43  Barracks Reactor  
  92  7:44  SCV x3  
  93  7:45  Missile Turret  
  93  7:47  Sensor Tower  
  94  7:55  Command Center, Marine x4  
  94  7:56  SCV x3  
  101  8:00  Medivac x2  
  101  8:02  Refinery x2  
  105  8:06  Supply Depot  
  105  8:07  Supply Depot  
  105  8:08  SCV x3, Marine  
  105  8:09  Siege Tank  
  112  8:16  Marine  
  112  8:19  Marine x7  
  120  8:20  SCV x3  
  120  8:22  Supply Depot  
  120  8:24  Supply Depot  
  120  8:26  Marine  
  124  8:28  Armory  
  124  8:32  SCV x2  
  124  8:33  Marine, Supply Depot  
  124  8:34  Medivac x2  
  129  8:36  Marine  
  129  8:41  SCV  
  133  8:43  Marine x2  
  133  8:44  SCV, Marine  
  133  8:46  Siege Tank  
  140  8:49  Marine  
  140  8:51  Supply Depot  
  140  8:52  Supply Depot  
  140  8:55  Marine x2  
  143  8:59  Marine  
  143  9:01  Factory, Marine  
  142  9:06  Marine x2  
  142  9:08  Medivac x2  
  142  9:09  Marine  
  149  9:13  SCV x3  
  149  9:16  Terran Infantry Weapons Level 2  
  151  9:19  Terran Infantry Armor Level 2  
  151  9:22  Marine, Terran Vehicle Weapons Level 1  
  151  9:23  Marine  
  153  9:25  SCV, Marine x2  
  153  9:29  Siege Tank  
  153  9:31  Marine x2  
  159  9:35  Planetary Fortress  
  159  9:37  Marine x2  
  163  9:39  Marine  
  163  9:42  Marine  
  160  9:45  Marine x2  
  160  9:47  Factory Tech Lab  
  160  9:51  Viking x2  
  166  9:55  Marine x2  
  168  10:00  Marine  
  166  10:08  Marine  
  166  10:12  Marine  
  166  10:13  Marine x3  
  160  10:15  Siege Tank  
  160  10:16  Siege Tank  
  160  10:19  SCV  
  160  10:20  Starport, Refinery x2  
  160  10:21  Starport, Command Center  
  164  10:22  Marine  
  164  10:24  Marine  
  164  10:25  Marine  
  164  10:28  Marine x2  
  166  10:30  Viking x2  
  170  10:38  Marine  
  170  10:40  Marine  
  170  10:41  Marine  
  170  10:42  Marine  
  168  10:48  SCV  
  168  10:49  Marine  
  168  10:51  Command Center, Marine x2  
  168  10:53  SCV  
  171  10:58  Starport Tech Lab x2  
  171  11:00  Medivac x2  
  173  11:04  Siege Tank  
  173  11:05  Sensor Tower  
  173  11:07  Marine  
  173  11:09  Marine x3  
  179  11:12  Siege Tank  
  179  11:14  Marine  
  171  11:18  Marine  
  171  11:21  Marine  
  171  11:23  Raven x2  
  171  11:24  Marine  
  173  11:30  Marine  
  174  11:33  Medivac x2  
  157  11:40  Marine  
  157  11:42  Marine  
  157  11:43  Marine  
  157  11:44  Siege Tank  
  157  11:45  Marine  
  138  11:47  Marine x2  
  138  11:49  Marine  
  138  11:50  Marine  
  138  11:51  Marine  
  143  11:58  Marine  
  143  12:00  Marine  
  145  12:01  Marine  
  145  12:03  Marine  
  145  12:06  Command Center  
Tags
 
Add a new tag
Caveats
  • Supply blocks, unpowered buildings, or Contaminate may cause inaccurate times.
  • Supply counts are checked every 10 seconds.